 Dungeon Crawl Stone Soup version 0.31-a0-1589-g8f5e8aebd6 (webtiles) character file.

Game seed: 5766856289859186756

729 Atlas the Ruffian (level 7, -8/93 HPs)
             Began as a Troll Shapeshifter on Jan 6, 2024.
             Mangled by an ogre
             ... wielding a +0 giant club
              (15 damage)
             ... on level 5 of the Dungeon.
             The game lasted 00:02:54 (2812 turns).

Atlas the Ruffian (Troll Shapeshifter)              Turns: 2812, Time: 00:02:55

Health: -8/93      AC: 23    Str: 31    XL:     7   Next: 44%
Magic:  6/6        EV:  1    Int:  6    God:
Gold:   183        SH: 15    Dex:  9    Spells: 6/6 levels left

rFire   . .          .
                       - Unarmed
rCold   . . .        q - +0 tower shield
rNeg    . . .        a - melded +0 animal skin
rPois   +            (helmet currently unavailable)
rElec   .            (cloak currently unavailable)
rCorr   .            (gloves unavailable)
SInv    +            (boots unavailable)
Will    .....        o - amulet of reflection
Stlth   +            i - ring of see invisible
HPRegen 1.15/turn    k - +6 ring of strength
MPRegen 0.10/turn

%: reflection
@: brilliant, tree-form
A: stationary, stasis, torment immunity, boosted hp, large, unfitting armour,
(claws 3), regeneration 1, (shaggy fur 1), (tough skin 1)
a: no special abilities


You were on level 5 of the Dungeon.
You were a tree.
You visited 1 branch of the dungeon, and saw 5 of its levels.

You collected 300 gold pieces.
You spent 117 gold pieces at shops.

Inventory:

Missiles
 h - 3 large rocks
Armour
 a - a +0 animal skin (melded)
 q - a +0 tower shield (worn)
Jewellery
 i - a ring of see invisible (left branch)
 k - a +6 ring of strength (right branch)
 o - an amulet of reflection (around neck)
Talismans
 c - a beast talisman
 d - a flux talisman
Scrolls
 f - 8 scrolls of identify {unknown}
 g - 4 scrolls of fog {unknown}
 j - a scroll of noise {unknown}
 l - a scroll of revelation {unknown}
 n - 2 scrolls of teleportation {unknown}
 r - a scroll of poison {unknown}
 t - a scroll of blinking {unknown}
Potions
 b - a potion of lignification
 e - a potion of curing {unknown}
 m - 2 potions of brilliance
 p - a potion of ambrosia {unknown}
 s - a potion of resistance {unknown}
 u - a potion of heal wounds {unknown}


   Skills:
 + Level 1.4 Fighting
 + Level 3.1 Dodging
 + Level 0.6 Stealth
 + Level 1.5 Shields
 + Level 6.3 Unarmed Combat
 * Level 4.7 Shapeshifting


You had 6 spell levels left.
You didn't know any spells.
Your spell library was empty.

Dungeon Overview and Level Annotations

Branches:
Dungeon (5/15)
 Temple: D:4-7

Altars:

Shops:
D:1 [


Innate Abilities, Weirdness & Mutations

You are a tree.
Your roots penetrate the ground, keeping you stationary.
You cannot be teleported.
You are immune to unholy pain and torment.
Your maximum health is greatly increased.
Your equipment is partially melded.
You are too large for most types of armour.
((You have claws for hands.))
Your natural rate of healing is unusually fast.
((You are covered in fur. (AC +1)))
((You have tough skin. (AC +1)))


Message History

You are too injured to fight recklessly!
You are too injured to fight recklessly!
You are too injured to fight recklessly!
You are too injured to fight recklessly!
You are too injured to fight recklessly!
You mangle the ogre!!
The ogre is severely wounded.
You block the water moccasin's attack. The water moccasin bites you.
You barely miss the ogre.
The ogre is severely wounded.
The ogre hits you with a +0 giant club!!
* * * LOW HITPOINT WARNING * * *
The water moccasin bites you!
* * * LOW HITPOINT WARNING * * *
Unknown command.
It was a potion of brilliance.
You feel clever all of a sudden. You block the water moccasin's attack.
You block the ogre's attack. You block the water moccasin's attack.
Your transformation has ended.
You turn into a tree.
Your +0 animal skin melds into your body.
Your roots penetrate the ground.
The water moccasin bites you but does no damage.
Unknown command.
You hit the ogre but do no damage.
The ogre is severely wounded.
The water moccasin bites you but does no damage.
You block the ogre's attack. You block the water moccasin's attack.
You barely miss the ogre.
The ogre is severely wounded.
The water moccasin bites you but does no damage.
The ogre hits you with a +0 giant club.
* * * LOW HITPOINT WARNING * * *
You closely miss the ogre.
The ogre is severely wounded.
You block the water moccasin's attack.
The water moccasin bites you but does no damage.
The ogre hits you with a +0 giant club!
You die...

#..#..#..#.†#..#..###'#
#††#.....#.....#....†.#
#..#.....#.....#......#
#..####################
#......................
#......................
#..####################
#..#...S.#.....#..... #
#..#..♣O.#.....#......#
#..#..#..#..#..#..###+#
#..#..#..#..#..#..# #
#.....#.....#.....# #
#.....#..... #
############# #### ...
. ##. ..##.


You could see a water moccasin and an ogre.

Vanquished Creatures
  2 water moccasins (D:5)
  A black bear (D:4)
  A phantom (D:5)
  A bombardier beetle (D:5)
  2 hounds (D:5)
  A jelly (D:4)
  A sleepcap (D:5)
  8 adders
  3 gnolls (D:2)
  A shadow imp (D:5)
  4 dart slugs
  4 ribbon worms
  7 orcs
  4 ball pythons
  5 bats
  3 endoplasms
  2 giant cockroaches
  6 goblins
  7 hobgoblins
  12 jackals
  7 quokkas
  3 frilled lizards
  5 kobolds
  4 rats
94 creatures vanquished.

Notes
Turn   | Place    | Note
-------+----------+-------------------------------------------
     0 | D:1      | Atlas the Troll Shapeshifter began the quest for the Orb.
     0 | D:1      | Reached XP level 1. HP: 18/18 MP: 0/0
   134 | D:1      | Reached XP level 2. HP: 26/26 MP: 1/1
   200 | D:1      | Found Gahas's Antique Armour Shop.
   602 | D:1      | Reached XP level 3. HP: 32/32 MP: 2/2
   967 | D:2      | Reached XP level 4. HP: 25/40 MP: 3/3
   981 | D:2      | Reached skill level 4 in Unarmed Combat
  1622 | D:3      | Reached XP level 5. HP: 45/46 MP: 4/4
  1766 | D:4      | Noticed a black bear
  1773 | D:4      | Killed a black bear
  1774 | D:4      | Reached skill level 1 in Fighting
  1867 | D:4      | Reached skill level 5 in Unarmed Combat
  1877 | D:4      | Reached XP level 6. HP: 55/55 MP: 5/5
  2007 | D:1      | Bought a tower shield for 117 gold pieces
  2591 | D:5      | Entered Level 5 of the Dungeon
  2721 | D:5      | Noticed a water moccasin
  2721 | D:5      | Noticed a water moccasin
  2725 | D:5      | Killed a water moccasin
  2727 | D:5      | Killed a water moccasin
  2728 | D:5      | Reached skill level 1 in Shields
  2728 | D:5      | Reached XP level 7. HP: 47/62 MP: 6/6
  2730 | D:5      | Reached skill level 6 in Unarmed Combat
  2812 | D:5      | Mangled by an ogre

Illustrated notes

Levels and vault maps discovered:
D:1:      beargit_arrival_diablo_church, layout_loops_cross, serial_shops,
          nicolae_shop_crystal
D:2:      layout_basic, minmay_misc_feat_hallway
D:3:      layout_rooms
D:4:      layout_loops_ring
D:5:      kennysheep_windowed_halls, layout_rooms, mainiacjoe_overflow_alcove_1,
          moated_statue, uniq_blork_the_orc

Skill      XL: |  1  2  3  4  5  6  7 |
---------------+----------------------+-----
Dodging        | 2 3 |  3.1
Unarmed Combat | 4 5 6 |  6.3
Fighting       | 1 |  1.4
Shapeshifting  | 4 |  4.7
Shields        | 1 |  1.5
Stealth        | |  0.6

Action                     |  1- 3 |  4- 6 |  7- 9 || total
---------------------------+-------+-------+-------++-------
  Melee: Unarmed           |    86 |   144 |    22 ||   252
         Punch             |     3 |     1 |       ||     4
    Use: Potion            |       |       |     2 ||     2
 Armour: Animal skin       |    53 |    76 |    10 ||   139
         Skin              |       |       |     6 ||     6
  Dodge: Dodged            |    37 |    75 |     3 ||   115
  Block: Tower shield      |       |    29 |    18 ||    47
         Reflection        |       |     1 |     1 ||     2
         Other             |       |     1 |       ||     1

Table legend: (Time is in decaauts)
 A = Elapsed time spent in this place.
 B = Non-inter-level travel time spent in this place.
 C = Inter-level travel time spent in this place.
 D = Time resting spent in this place.
 E = Time spent auto-exploring this place.
 F = Levels seen in this place.
 G = Mean time per level.
                   A        B        C        D        E       F      G
               +--------+--------+--------+--------+--------+-----+--------+
         Total |   2809 |   2560 |    249 |      0 |   1995 |   5 |  561.8 |
       Dungeon |   2809 |   2560 |    249 |      0 |   1995 |   5 |  561.8 |
               +--------+--------+--------+--------+--------+-----+--------+

Top non-repeatable levels by time:
     D:1: 812 daAuts
     D:4: 697 daAuts
     D:2: 657 daAuts
     D:3: 414 daAuts
     D:5: 227 daAuts
